 Dungeon Crawl Stone Soup version 0.28-a0-1286-g6bde065e89 (webtiles) character file.

Game seed: 117373545482313844

16 Zonian the Gusty (level 2, 0/15 HPs)
             Began as a Tengu Air Elementalist on Dec 26, 2021.
             Slain by a gnoll (12 damage)
             ... on level 2 of the Dungeon.
             The game lasted 00:01:17 (1359 turns).

Zonian the Gusty (Tengu Air Elementalist)           Turns: 1359, Time: 00:01:18

Health: 0/15       AC:  2    Str:  8    XL:     2   Next: 54%
Magic:  4/6        EV: 12    Int: 15    God:
Gold:   39         SH:  0    Dex: 14    Spells: 4/5 levels left

rFire   . . .      SeeInvis .   (no weapon)
rCold   . . .      Faith    .   (no shield)
rNeg    . . .      Spirit   .   a - +0 robe
rPois   .          Reflect  .   (helmet restricted)
rElec   .          Harm     .   (no cloak)
rCorr   .          Rampage  .   (no gloves)
Will    .....                   (boots unavailable)
Stlth   ++........              (no amulet)
HPRegen 0.05/turn               (no ring)
MPRegen 0.10/turn               (no ring)

@: no status effects
A: beak, talons 3
a: no special abilities


You were on level 2 of the Dungeon.
You visited 1 branch of the dungeon, and saw 2 of its levels.

You collected 39 gold pieces.

Inventory:

Hand Weapons
 c - a +0 hunting sling
Armour
 a - a +0 robe (worn)
Scrolls
 b - a scroll of teleportation {unknown}
Potions
 d - a potion of attraction {unknown}


   Skills:
 + Level 2.4 Dodging
 + Level 2.2 Stealth
 + Level 2.1 Spellcasting
 + Level 1.9 Conjurations
 + Level 4.2 Air Magic


You had 4 spell levels left.
You knew the following spells:

 Your Spells              Type           Power      Damage    Failure   Level
a - Shock                 Conj/Air       40%        1d5       6%          1

Your spell library contained the following spells:

 Spells                   Type           Power      Damage    Failure   Level
 Static Discharge         Conj/Air       10%        N/A       10%         2
 Swiftness                Air            14%        N/A       12%         3
 Airstrike                Air            7%         N/A       36%         4


Dungeon Overview and Level Annotations

Branches:
Dungeon (2/15)

Altars:

Shops:
D:1 (


Innate Abilities, Weirdness & Mutations

You have a beak for a mouth.
You have claws for feet.


Message History

You swap places.
Your hobgoblin dissolves into shadows!
Your frilled lizard dissolves into shadows!
Key pressed, stopping explore.
There is a stone staircase leading down here.
You see here a +2 dagger of holy wrath.
Done exploring.
Unknown command.
Done exploring.
Done exploring.
Unknown command.
(D) Dungeon
Where to? (? - help)
You see here a +2 dagger of holy wrath.
There is a stone staircase leading down here.
You climb downwards.
Found a hand axe, 11 gold pieces and a dented malachite amulet.
Found a stone staircase leading down.
There is a stone staircase leading up here.
Unknown command.
Found a dagger and 4 large rocks.
Found a stone staircase leading down.
A gnoll and a kobold come into view.
The kobold is wielding a +0 dagger and quivering atropa-tipped darts.
The gnoll shouts!
You hear a shout!
A gnoll comes into view. It is wielding a +0 flail.
Found a scroll labelled QENUJI MUWOTO.
Found an escape hatch in the ceiling.
There is a stone staircase leading down here.
A gnoll comes into view. It is wielding a +0 spear.
The gnoll hits you with a +0 flail. The gnoll misses you.
There is a stone staircase leading up here.
Sorry, you're not good enough to have a special ability.
The zap misses the gnoll.
The gnoll closely misses you. The gnoll barely misses you.
Unknown command.
The zap hits the gnoll.
The gnoll is lightly wounded.
The gnoll hits you with a +0 flail!
Ouch! That really hurt!
You die...

##### ..#
#...##...#
#####..........
##...)...$......?
#................
#@g.........(.<
#.g..........
###.........#
..##.#...#.###
#g...........#
#........>"...#
#.............).#
#...............#
..................


You could see 2 gnolls.

Vanquished Creatures
  A dart slug (D:1)
  An endoplasm (D:1)
  A giant cockroach (D:1)
  2 goblins (D:1)
  A hobgoblin (D:1)
  A ball python (D:1)
  A frilled lizard (D:1)
  3 kobolds (D:1)
  2 rats (D:1)
13 creatures vanquished.

Notes
Turn   | Place    | Note
-------+----------+-------------------------------------------
     0 | D:1      | Zonian the Tengu Air Elementalist began the quest for the
                  | Orb.
     0 | D:1      | Reached XP level 1. HP: 10/10 MP: 4/4
    46 | D:1      | Found Peigg's Weapon Shoppe.
   440 | D:1      | Reached XP level 2. HP: 15/15 MP: 4/6
  1359 | D:2      | Slain by a gnoll

Illustrated notes

Levels and vault maps discovered:
D:1:      dpeg_arrival_rooms_a, layout_basic, serial_shops, shop
D:2:      layout_rooms, chequers_ecumenical_altar_grove, minmay_snake_closets

Action                   || total
-------------------------++-------
Melee: Unarmed           ||    12
       Peck              ||     3
       Kick              ||     3
 Cast: Shock             ||    22
  Use: Scroll            ||     1
Armor: Robe              ||     2
Dodge: Dodged            ||    15

Table legend: (Time is in decaauts)
 A = Elapsed time spent in this place.
 B = Non-inter-level travel time spent in this place.
 C = Inter-level travel time spent in this place.
 D = Time resting spent in this place.
 E = Time spent auto-exploring this place.
 F = Levels seen in this place.
 G = Mean time per level.
                   A        B        C        D        E       F      G
               +--------+--------+--------+--------+--------+-----+--------+
         Total |   1358 |   1329 |     29 |    452 |    761 |   2 |  679.0 |
       Dungeon |   1358 |   1329 |     29 |    452 |    761 |   2 |  679.0 |
               +--------+--------+--------+--------+--------+-----+--------+

Top non-repeatable levels by time:
     D:1: 1345 daAuts
     D:2: 13 daAuts
